 Dungeon Crawl Stone Soup version 0.27-a0-237-g52650a7530 (webtiles) character file.

Game seed: 8116931822134032889

203 ReteAZ the Firebug (level 5, -4/31 HPs)
             Began as an Octopode Fire Elementalist on Feb 2, 2021.
             Slain by a phantom (9 damage)
             ... on level 3 of the Dungeon.
             The game lasted 00:04:40 (2423 turns).

ReteAZ the Firebug (Octopode Fire Elementalist)     Turns: 2423, Time: 00:04:41

Health: -4/31      AC:  1    Str:  8    XL:     5   Next: 81%
Magic:  3/9        EV: 13    Int: 18    God:
Gold:   170        SH:  0    Dex: 12    Spells: 9/10 levels left

rFire    . . .     SeeInvis .   (no weapon)
rCold    . . .     Faith    .   (no shield)
rNeg     . . .     Spirit   .   (helmet restricted)
rPois    .         Reflect  .   (no amulet)
rElec    .         Harm     .   (no ring)
rCorr    .         Rampage  .   (no ring)
Will     .....                  (no ring)
Stlth    +++.......             (no ring)
HPRegen  0.10/turn              (no ring)
MPRegen  0.11/turn              (no ring)
                                (no ring)
                                (no ring)

@: no status effects
A: almost no armour, stealthy swim, amphibious, 8 rings, constrict 8, camouflage
1, gelatinous body 1
a: no special abilities


You were on level 3 of the Dungeon.
You visited 1 branch of the dungeon, and saw 3 of its levels.

You collected 170 gold pieces.

Inventory:

Missiles
 a - 18 poisoned darts
Scrolls
 c - 2 scrolls of identify {unknown}
 h - a scroll of fear {unknown}
 i - a scroll of remove curse {unknown}
 j - a scroll of teleportation {unknown}
 l - a scroll of magic mapping {unknown}
Potions
 b - 2 potions of flight {unknown}
 d - a potion of haste
 e - a potion of lignification {unknown}
 f - a potion of magic {unknown}
 g - a potion of resistance {unknown}
 k - a potion of cancellation {unknown}
 m - a potion of curing {unknown}


   Skills:
 - Level 2.0 Dodging
 - Level 2.6 Stealth
 + Level 3.1 Spellcasting
 + Level 2.8 Conjurations
 * Level 4.9 Fire Magic


You had 9 spell levels left.
You knew the following spells:

 Your Spells              Type           Power        Failure   Level
a - Foxfire               Conj/Fire      64%          3%          1

Your spell library contained the following spells:

 Spells                   Type           Power        Failure   Level
 Conjure Flame            Conj/Fire      16%          10%         3
 Inner Flame              Hex/Fire       11%          17%         3
 Sticky Flame             Conj/Fire      16%          32%         4
 Fireball                 Conj/Fire      8%           67%         5


Dungeon Overview and Level Annotations

Branches:
Dungeon (3/15)

Altars:


Innate Abilities, Weirdness & Mutations

You cannot wear most types of armour.
You are very stealthy in the water. (Stealth+)
You are amphibious.
You can wear up to eight rings at the same time.
You can use your tentacles to constrict eight enemies at once.
Your skin changes colour to match your surroundings (Stealth+).
Your rubbery body absorbs attacks. (AC +1, EV +1)


Message History

The foxfire hits the phantom.
The phantom is heavily damaged.
The phantom hits you!
The phantom blinks!
You blink.
Casting: Foxfire (safe; 3% risk of failure)
Confirm with . or Enter, or press ? or * to list all spells.
You conjure some foxfire!
The foxfire hits the phantom.
The phantom is heavily damaged.
The foxfire hits the phantom.
The phantom is severely damaged.
The phantom hits you!
* * * LOW HITPOINT WARNING * * *
Casting: Foxfire (safe; 3% risk of failure)
Confirm with . or Enter, or press ? or * to list all spells.
You conjure some foxfire!
The foxfire hits the phantom but does no damage.
The phantom is severely damaged.
The foxfire hits the phantom.
The phantom is severely damaged.
The phantom hits you!
You die...

.## #.....# .. #...... ..
#.....## . ##.#..... ##.#
#. #....... ...#
....###.##..#>.##### #..#
.<..........#..W@v.###..
.# #........§v§...... ##
.# ####.)..†.§..###.# ..
.# #....##.##..###.# W#
.# #.#.##...##..##.# .#
.#
#...#..#..#.....###.#.##
.#
#...#.#.#)#.####.......#
.#######.#.(.)#....##
#.#####.#
.........#.#.#.#.#..###.#


You could see a phantom.

Vanquished Creatures
  A bullfrog (D:2)
  A hound (D:3)
  5 adders
  An ooze (D:3)
  A worm (D:3)
  2 dart slugs (D:1)
  2 giant cockroaches
  4 goblins (D:1)
  10 hobgoblins
  4 jackals
  9 kobolds
  A quokka (D:3)
  7 bats
  3 frilled lizards
  10 rats
61 creatures vanquished.

Vanquished Creatures (others)
  177 foxfires
177 creatures vanquished.

Grand Total: 238 creatures vanquished

Notes
Turn   | Place    | Note
-------+----------+-------------------------------------------
     0 | D:1      | ReteAZ the Octopode Fire Elementalist began the quest for
                  | the Orb.
     0 | D:1      | Reached XP level 1. HP: 11/11 MP: 3/3
   216 | D:1      | Reached XP level 2. HP: 17/17 MP: 3/5
   455 | D:1      | Reached XP level 3. HP: 16/21 MP: 1/6
   968 | D:2      | Noticed a bullfrog
   976 | D:2      | Killed a bullfrog
   977 | D:2      | Reached skill level 4 in Fire Magic
   977 | D:2      | Reached XP level 4. HP: 23/27 MP: 2/8
  1299 | D:2      | Reached XP level 5. HP: 31/31 MP: 5/9
  2406 | D:3      | Noticed a phantom
  2423 | D:3      | Slain by a phantom

Illustrated notes

Levels and vault maps discovered:
D:1:      matt_arrival_grand_opening, layout_basic
D:2:      layout_loops_corners
D:3:      layout_loops_ring, minmay_box_of_dots

Skill      XL: |  1  2  3  4  5 |
---------------+----------------+-----
Conjurations   | 2 |  2.8
Fire Magic     | 4 |  4.9
Spellcasting   | 3 |  3.1
Dodging        | |  2.0
Stealth        | |  2.6

Action                   |  1- 3 |  4- 6 || total
-------------------------+-------+-------++-------
Melee: Unarmed           |    10 |    12 ||    22
       Constrict         |     1 |     3 ||     4
 Cast: Foxfire           |    48 |    65 ||   113
Armor: Skin              |     3 |       ||     3
Dodge: Dodged            |    13 |    17 ||    30

Table legend: (Time is in decaauts)
 A = Elapsed time spent in this place.
 B = Non-inter-level travel time spent in this place.
 C = Inter-level travel time spent in this place.
 D = Time resting spent in this place.
 E = Time spent auto-exploring this place.
 F = Levels seen in this place.
 G = Mean time per level.
                   A        B        C        D        E       F      G
               +--------+--------+--------+--------+--------+-----+--------+
         Total |   2422 |   2367 |     55 |    379 |   1615 |   3 |  807.3 |
       Dungeon |   2422 |   2367 |     55 |    379 |   1615 |   3 |  807.3 |
               +--------+--------+--------+--------+--------+-----+--------+

Top non-repeatable levels by time:
     D:2: 1120 daAuts
     D:1: 893 daAuts
     D:3: 408 daAuts
